 Dungeon Crawl Stone Soup version 0.31-a0-1099-g7fa767f3fe (webtiles) character file.

Game seed: 10265084900617613960

457 MacCMillion the Conjurer (level 6, -1/32 HPs)
             Began as a Deep Elf Conjurer on Dec 1, 2023.
             Slain by a hornet (4 damage)
             ... while paralysed by a hornet
             ... on level 5 of the Dungeon.
             The game lasted 00:06:31 (4880 turns).

MacCMillion the Conjurer (Deep Elf Conjurer)        Turns: 4880, Time: 00:06:32

Health: -1/32      AC:  3    Str: 10    XL:     6   Next: 77%
Magic:  11/17      EV:  2    Int: 25    God:
Gold:   230        SH:  0    Dex: 13    Spells: 6/17 levels left

rFire   . . .        c - staff of conjuration
rCold   . . .        (no shield)
rNeg    . . .        a - +0 robe
rPois   .            l - +0 helmet
rElec   .            (no cloak)
rCorr   .            (no gloves)
SInv    .            (no boots)
Will    .....        (no amulet)
Stlth   ++           r - +6 ring of strength
HPRegen 0.25/turn    (no ring)
MPRegen 0.15/turn

%: no passive effects
@: paralysed, lethally poisoned (-1 -> -7)
A: no striking features
a: no special abilities


You were on level 5 of the Dungeon.
You visited 1 branch of the dungeon, and saw 5 of its levels.

You collected 230 gold pieces.

Inventory:

Hand Weapons
 g - a +1 short sword of speed
 s - a +2 dagger of protection
Armour
 a - a +0 robe (worn)
 l - a +0 helmet (worn)
Magical Staves
 c - a staff of conjuration (weapon)
Jewellery
 r - a +6 ring of strength (left hand)
Wands
 y - a wand of mindburst (12)
Scrolls
 d - 5 scrolls of identify {unknown}
 e - 5 scrolls of teleportation {unknown}
 h - a scroll of silence {unknown}
 j - a scroll of blinking {unknown}
 k - a scroll of immolation {unknown}
 m - a scroll of fear {unknown}
 n - 2 scrolls of enchant weapon {unknown}
 o - 3 scrolls of enchant armour {unknown}
 p - a scroll of amnesia {unknown}
Potions
 b - 2 potions of magic
 f - a potion of degeneration {unknown}
 i - a potion of curing {unknown}
 q - a potion of mutation {unknown}
 t - 2 potions of heal wounds {unknown}
 u - a potion of might {unknown}
 v - a potion of invisibility {unknown}
 w - a potion of attraction {unknown}
 x - a potion of haste {unknown}


   Skills:
 - Level 2.4 Dodging
 - Level 4.0 Stealth
 + Level 6.1 Spellcasting
 + Level 6.3 Conjurations
 + Level 3.1 Translocations


You had 6 spell levels left.
You knew the following spells:

 Your Spells              Type           Power      Damage    Failure   Level
a - Magic Dart            Conj           100%       1d8       1%          1
b - Searing Ray           Conj           100%       2d8       1%          2
c - Fulminant Prism       Conj/Hex       17%        3d10      21%         4
d - Iskenderun's Mystic   Conj/Tloc      47%        2d10      11%         4

Your spell library contained the following spells:

 Spells                   Type           Power      Damage    Failure   Level
 Dazzling Flash           Conj/Hex       70%        N/A       6%          3


Dungeon Overview and Level Annotations

Branches:
Dungeon (5/15)
 Temple: D:4-7

Altars:
Makhleb
Okawaru

Annotations:
D:5 Dowan, Duvessa


Message History

You feel a surge of power!
The searing ray hits the black bear!
You kill the black bear! (Press . to maintain the ray.)
Your Spellcasting skill increases to level 6!
Your Translocations skill increases to level 3!
HP restored.
You start resting.
A hornet comes into view.
You feel a surge of power!
The magic dart hits the hornet but does no damage.
The hornet buzzes angrily.
Casting: Magic Dart (safe; 1% risk of failure)
Confirm with . or Enter, or press ? or * to list all spells.
Aiming: Searing Ray (safe; 1% risk of failure)
Press: ? - help, Shift-Dir - straight line, f/p - hornet
Aim: a hornet (74% to hit)
You feel a surge of power!
The searing ray hits the hornet!
The hornet is moderately wounded. (Press . to maintain the ray.)
The searing ray hits the hornet but does no damage.
The hornet is moderately wounded.
The searing ray hits the hornet.
The hornet is moderately wounded.
The hornet stings you!
Ouch! That really hurt!
You feel yourself slow down. The hornet barely misses you.
Unknown command.
The searing ray hits the hornet!
The hornet is heavily wounded.
You finish channelling your searing ray.
You feel yourself speed up. The hornet stings you.
You are poisoned.
You feel yourself slow down. The hornet stings you!
* * * LOW HITPOINT WARNING * * *
You suddenly lose the ability to move!
You feel yourself speed up.
* * * LOW HITPOINT WARNING * * *
You feel sick. The hornet stings you.
You die...

#..# #..# #..# #..# #..#
#### #..## ##..##########
##..## ##............####
#...## #..........)......
##...###@....###.##......
##.....y.....###.#......
##....................#
#.....####...........#
.......####..##...†....#
........#.......######...
#.#####.####.......##....
## ##..###............
#.........).##....


You could see a hornet.

Vanquished Creatures
  A black bear (D:5)
  An ogre (D:4)
  A scorpion (D:5)
  2 jellies (D:4)
  A mummy (D:4)
  A gnoll (D:1)
  7 adders
  2 worms (D:2)
  A dart slug (D:2)
  7 orcs
  4 endoplasms
  4 giant cockroaches
  5 goblins
  3 hobgoblins
  2 jackals (D:2)
  6 kobolds
  3 quokkas
  6 ball pythons
  5 bats
  A frilled lizard (D:2)
  3 hobgoblin zombies (D:4)
  A kobold zombie (D:4)
  5 rats
72 creatures vanquished.

Notes
Turn   | Place    | Note
-------+----------+-------------------------------------------
     0 | D:1      | MacCMillion the Deep Elf Conjurer began the quest for the
                  | Orb.
     0 | D:1      | Reached XP level 1. HP: 10/10 MP: 6/6
   119 | D:1      | Reached XP level 2. HP: 15/15 MP: 4/8
   302 | D:1      | Learned a level 2 spell: Searing Ray
   447 | D:1      | Found a faded altar of an unknown god.
  1061 | D:2      | Reached XP level 3. HP: 19/19 MP: 5/10
  1405 | D:2      | Reached skill level 5 in Conjurations
  2119 | D:3      | Reached XP level 4. HP: 24/24 MP: 10/12
  2305 | D:3      | Found an iron altar of Okawaru.
  3045 | D:4      | Learned a level 4 spell: Fulminant Prism
  3053 | D:4      | Learned a level 4 spell: Iskenderun's Mystic Blast
  3222 | D:4      | Reached skill level 1 in Translocations
  3222 | D:4      | Reached XP level 5. HP: 28/28 MP: 9/14
  3452 | D:4      | Reached skill level 5 in Spellcasting
  3518 | D:4      | Noticed an ogre
  3815 | D:4      | Found a burning altar of Makhleb.
  3843 | D:4      | Killed an ogre
  4128 | D:4      | Reached XP level 6. HP: 32/32 MP: 10/16
  4656 | D:5      | Entered Level 5 of the Dungeon
  4662 | D:5      | Noticed Duvessa
  4662 | D:5      | Noticed Dowan
  4873 | D:5      | Noticed a hornet
  4879 | D:5      | Paralysed by a hornet for 2 turns
  4880 | D:5      | Slain by a hornet

Illustrated notes

Levels and vault maps discovered:
D:1:      wander_arrival_estate, layout_rooms,
          shapermc_ecumenical_altar_mp_highgroup, grunt_decor_clamped
D:2:      layout_basic, hangedman_abyss_or_decor_lesser_grid
D:3:      layout_basic, okawaru_gym_becter, minmay_close_crescents
D:4:      nicolae_cairo_tiling_large_dashed, layout_basic,
          mainiacjoe_overflow_concentric_impassable, minmay_mini_ossuary
D:5:      cheibrodos_fzero, layout_layer_cave, lemuel_round_altar,
          minmay_temple_entry_enclosed_plants, uniq_duvessa

Skill      XL: |  1  2  3  4  5  6 |
---------------+-------------------+-----
Stealth        | 3 4 |  4.0
Spellcasting   | 4 5 6 |  6.1
Conjurations   | 5 6 |  6.3
Translocations | 1 2 3 |  3.1
Dodging        | |  2.4

Action                     |  1- 3 |  4- 6 || total
---------------------------+-------+-------++-------
   Cast: Magic Dart        |    37 |    35 ||    72
         Searing Ray       |    12 |    26 ||    38
 Armour: Robe              |     1 |    10 ||    11
  Dodge: Dodged            |     1 |     2 ||     3

Table legend: (Time is in decaauts)
 A = Elapsed time spent in this place.
 B = Non-inter-level travel time spent in this place.
 C = Inter-level travel time spent in this place.
 D = Time resting spent in this place.
 E = Time spent auto-exploring this place.
 F = Levels seen in this place.
 G = Mean time per level.
                   A        B        C        D        E       F      G
               +--------+--------+--------+--------+--------+-----+--------+
         Total |   4879 |   4691 |    188 |    759 |   3443 |   5 |  975.8 |
       Dungeon |   4879 |   4691 |    188 |    759 |   3443 |   5 |  975.8 |
               +--------+--------+--------+--------+--------+-----+--------+

Top non-repeatable levels by time:
     D:4: 1535 daAuts
     D:2: 1278 daAuts
     D:3: 1108 daAuts
     D:1: 775 daAuts
     D:5: 181 daAuts
